 Dungeon Crawl Stone Soup version 0.28.0-45-g0d030f2227 (webtiles) character file.

Game seed: 3540303968016850804

65 dianekeaton the Cudgeller (level 3, -3/31 HPs)
             Began as a Minotaur Fighter on Apr 5, 2022.
             Slain by Grinder (4 damage)
             ... on level 3 of the Dungeon.
             The game lasted 00:04:47 (2028 turns).

dianekeaton the Cudgeller (Minotaur Fighter)        Turns: 2028, Time: 00:04:48

Health: -3/31      AC:  6    Str: 22    XL:     3   Next: 94%
Magic:  2/2        EV:  9    Int:  5    God:
Gold:   58         SH:  4    Dex:  9    Spells: 2/2 levels left

rFire   . . .      SeeInvis .   a - +0 flail
rCold   . . .      Faith    .   c - +0 buckler
rNeg    . . .      Spirit   .   b - +0 scale mail
rPois   .          Reflect  .   (helmet restricted)
rElec   .          Harm     .   (no cloak)
rCorr   .          Rampage  .   (no gloves)
Will    .....                   (no boots)
Stlth   ..........              (no amulet)
HPRegen 0.10/turn               (no ring)
MPRegen 0.08/turn               (no ring)

@: mighty
A: horns 2, retaliatory headbutt
a: no special abilities


You were on level 3 of the Dungeon.
You visited 1 branch of the dungeon, and saw 3 of its levels.

You collected 58 gold pieces.

Inventory:

Hand Weapons
 a - a +0 flail (weapon)
Missiles
 f - 24 stones (quivered)
Armour
 b - a +0 scale mail (worn)
 c - a +0 buckler (worn)
Jewellery
 i - a ring of protection from fire
 m - a ring of fire
Potions
 h - a potion of ambrosia


   Skills:
 - Level 3.6 Fighting
 + Level 5.0 Maces & Flails
 - Level 3.6 Armour
 + Level 1.0 Dodging
 - Level 3.6 Shields


You had 2 spell levels left.
You didn't know any spells.
Your spell library was empty.

Dungeon Overview and Level Annotations

Branches:
Dungeon (3/15)

Altars:

Annotations:
D:3 Grinder, Sigmund


Innate Abilities, Weirdness & Mutations

You have a pair of horns on your head.
You reflexively headbutt those who attack you in melee.


Message History

Press: ? - help, Q - select action Shift-Dir - straight line, f/p - Sigmund
Aim: Sigmund, wielding a +0 scythe, wearing a +2 robe of the Archmagi and carrying a wand of polymorph (6) (moderately wounded, poisoned, 50% to hit)
You throw a stone. The stone closely misses Sigmund.
Sigmund gestures wildly while chanting.
Sigmund flickers and vanishes!
Deactivating autopickup; reactivate with Ctrl-A.
Throw: 26 stones
Press: ? - help, Q - select action Shift-Dir - straight line You throw a stone.
Something hits you!
Throw: 25 stones
Press: ? - help, Q - select action Shift-Dir - straight line You throw a stone.
You hear some strange, mumbled words.
A puff of flame appears from out of thin air!
The puff of flame hits you but does no damage.
You block something's attack.
You feel less wooden.
Your +0 scale mail unmelds from your body.
Something hits you.
You feel very mighty all of a sudden.
A magic dart appears from out of thin air!
The magic dart hits you. Something hits you.
A magic dart appears from out of thin air!
The magic dart hits you.
Grinder comes into view.
Grinder shouts!
Grinder gestures at you.
You barely resist. You block something's attack.
You closely miss something.
Grinder says, "What is the universe for?"
You barely miss something. Something hits you.
You closely miss something. Something hits you!
* * * LOW HITPOINT WARNING * * *
You block Grinder's attack.
You sock something! Something hits you!
* * * LOW HITPOINT WARNING * * *
Grinder hits you.
You die...

## .. #.
#.
###.####
... ..#
#.##.#
#.(..#
###.@#
#5{#
.....(
#.##(##(#
# #.# .#
..# # ###


You could see Grinder.

Vanquished Creatures
  An adder (D:2)
  3 dart slugs
  3 ball pythons (D:2)
  5 bats
  2 endoplasms
  3 goblins (D:1)
  13 jackals (D:1)
  4 quokkas
  3 frilled lizards
  3 kobolds (D:1)
  4 rats (D:2)
44 creatures vanquished.

Notes
Turn   | Place    | Note
-------+----------+-------------------------------------------
     0 | D:1      | dianekeaton the Minotaur Fighter began the quest for the
                  | Orb.
     0 | D:1      | Reached XP level 1. HP: 19/19 MP: 0/0
   207 | D:1      | Reached skill level 3 in Maces & Flails
   262 | D:1      | Reached XP level 2. HP: 25/26 MP: 1/1
   572 | D:1      | Reached skill level 4 in Maces & Flails
   605 | D:1      | Reached XP level 3. HP: 26/31 MP: 2/2
  1653 | D:2      | Reached skill level 1 in Dodging
  1755 | D:2      | Reached skill level 5 in Maces & Flails
  1988 | D:3      | Noticed Sigmund
  2024 | D:3      | Noticed Grinder
  2028 | D:3      | HP: 1/31 [something (7)]
  2028 | D:3      | Slain by Grinder

Illustrated notes

Levels and vault maps discovered:
D:1:      minmay_arrival_glassed_features, layout_basic,
          minmay_misc_feat_four_crosses, grunt_decor_arrowhead
D:2:      layout_loops_corners, serial_bayou_pond_b
D:3:      layout_loops_cross, serial_shops, shop, minmay_crystal_room,
          uniq_grinder, uniq_sigmund

Skill      XL: |  1  2  3 |
---------------+----------+-----
Maces & Flails | 3 4 5 |  5.0
Dodging        | 1 |  1.0
Fighting       | |  3.6
Armour         | |  3.6
Shields        | |  3.6

Action                   || total
-------------------------++-------
Melee: Flail             ||   100
       Headbutt          ||     8
Throw: Dart              ||    10
       Stone             ||     3
  Use: Scroll            ||     4
       Potion            ||     1
Armor: Scale mail        ||    70
       Skin              ||     8
Dodge: Dodged            ||    68
Block: Buckler           ||    35
